 Dungeon Crawl Stone Soup version 0.30.0-19-g36f170ea60 (webtiles) character file.

Game seed: 17323159971375150626

9 cdecastro the Vexing (level 2, -4/11 HPs)
             Began as a Felid Enchanter on May 26, 2023.
             Slain by a gnoll
             ... wielding a +0 whip
              (10 damage)
             ... on level 1 of the Dungeon.
             The game lasted 00:01:17 (340 turns).

cdecastro the Vexing (Felid Enchanter)               Turns: 340, Time: 00:01:18

Health: -4/11      AC:  1    Str:  4    XL:     2   Next: 6%
Magic:  6/6        EV: 17    Int: 16    God:
Gold:   48         SH:  0    Dex: 16    Spells: 5/5 levels left
                                        Lives:  0   Deaths: 0

rFire   . .          .
                       - Unarmed
rCold   . . .        (shield unavailable)
rNeg    . . .        (body armour unavailable)
rPois   .            (helmet unavailable)
rElec   .            (cloak unavailable)
rCorr   .            (gloves unavailable)
SInv    +            (boots unavailable)
Will    .....        (no amulet)
Stlth   +++          (no ring)
HPRegen 0.21/turn    (no ring)
MPRegen 0.10/turn

%: no passive effects
@: quick
A: very small, claws 1, fangs 3, see invisible, speed 1, shaggy fur 1, stealthy
paws, no weapons or thrown items, no armour, multi-lived
a: no special abilities


You were on level 1 of the Dungeon.
You visited 1 branch of the dungeon, and saw 1 of its levels.

You collected 48 gold pieces.

Inventory:

Scrolls
 b - a scroll of fog {unknown}
 e - a scroll of enchant armour {unknown}
Potions
 a - 3 potions of invisibility
 c - a potion of heal wounds {unknown}
 d - a potion of flight {unknown}
 f - a potion of haste {unknown}
 g - a potion of curing {unknown}


   Skills:
 - Level 2.6 Dodging
 - Level 4.0 Stealth
 * Level 1.8 Unarmed Combat
 - Level 2.0 Spellcasting
 + Level 4.7 Hexes


You had 5 spell levels left.
You didn't know any spells.
Your spell library contained the following spells:

 Spells                   Type           Power      Damage    Failure   Level
 Confusing Touch          Hex            16%        N/A       9%          3
 Tukima's Dance           Hex            16%        N/A       9%          3
 Ensorcelled Hibernation  Hex/Ice        18%        N/A       12%         2
 Dazzling Flash           Conj/Hex       18%        N/A       24%         3


Dungeon Overview and Level Annotations

Branches:
Dungeon (1/15)

Altars:


Innate Abilities, Weirdness & Mutations

You have sharp claws.
You have razor-sharp teeth.
You have supernaturally acute eyesight. (SInv)
You cover ground quickly. (Speed+)
You are covered in fur. (AC +1)
Your paws help you pounce on unaware monsters.
You are incapable of wielding weapons or throwing items.
You cannot wear armour.
You gain extra lives every three experience levels.


Message History

A rat is nearby!
A rat is nearby!
A rat is nearby!
A gnoll comes into view. It is wielding a +0 whip.
The rat completely misses you.
You scratch the rat.
You kill the rat!
Found a glowing dark potion.
The gnoll shouts!
You scratch the gnoll but do no damage. The gnoll hits you with a +0 whip.
You scratch the gnoll but do no damage. The gnoll misses you.
You see here a bat corpse.
You don't know any spells.
You barely miss the gnoll. The gnoll hits you with a +0 whip!
Ouch! That really hurt!
* * * LOW HITPOINT WARNING * * *
You barely miss the gnoll. The gnoll completely misses you.
You scratch the gnoll but do no damage. You bite the gnoll, but do no damage.
The gnoll barely misses you.
Found a scroll labelled HEVVUI TUNKYUVI.
Unknown command.
Unknown command.
You see here a scroll labelled HEVVUI TUNKYUVI.
You enter the shallow water.
Moving in this stuff is going to be slow.
You barely miss the gnoll. You bite the gnoll, but do no damage.
The gnoll closely misses you.
You scratch the gnoll. Your bite misses the gnoll.
The gnoll is lightly wounded.
The gnoll completely misses you.
You scratch the gnoll but do no damage.
The gnoll is lightly wounded.
The gnoll hits you with a +0 whip.
You scratch the gnoll but do no damage.
The gnoll is lightly wounded.
You scratch the gnoll but do no damage.
The gnoll is lightly wounded.
The gnoll hits you with a +0 whip!
Ouch! That really hurt!
You die...

#........#####.#.#.#.#.#.#.#. .#
###........!.# #†#######.#### ...
#.####.#.## #.# #..... ...####.#
#.# ###### ....#...####.# ##'## #
..)....†.....# #...# #
.........###.# ##...# #######
..........##.#####....#####~≈≈...
###.###.........@g....~~~≈≈~.....
#. #..........###~≈≈≈..≈.##### #
#......######≈~~####..#.... #
#..##.... ##~## #..#.###
##.###g####+#. ##### #..#.# #
#......# ..# ###..#.### #.###..#
#.# #....#.... #.#....# #.#
#.#....... ##.#.#.##### #.#
#.########


You could see a gnoll.

Vanquished Creatures
  3 bats (D:1)
  A hobgoblin (D:1)
  2 ball pythons (D:1)
  A frilled lizard (D:1)
  3 rats (D:1)
10 creatures vanquished.

Notes
Turn   | Place    | Note
-------+----------+-------------------------------------------
     0 | D:1      | cdecastro the Felid Enchanter began the quest for the Orb.
     0 | D:1      | Reached XP level 1. HP: 7/7 MP: 4/4
   260 | D:1      | Reached XP level 2. HP: 11/11 MP: 6/6
   340 | D:1      | Slain by a gnoll

Illustrated notes

Levels and vault maps discovered:
D:1:      pf_arrival_petrified_forest, layout_basic, st_stairs_13,
          chequers_serial_rivers_small_a

Action                     || total
---------------------------++-------
  Melee: Unarmed           ||    23
         Bite              ||     3
   Stab: Sleeping          ||     5
 Armour: Skin              ||     1
  Dodge: Dodged            ||    10
